 Dungeon Crawl Stone Soup version 0.32-a0-699-g1ee5eff69a (webtiles) character file.

Game seed: 2156658774977885161

494 Alarak the Ruffian (level 6, -12/52 (54) HPs)
             Began as a Troll Shapeshifter on Mar 13, 2024.
             Was a Plaything of Xom.
             Mangled by a wight
             ... wielding a +4 battleaxe
              (18 damage)
             ... on level 4 of the Dungeon.
             The game lasted 00:07:39 (1164 turns).

Alarak the Ruffian (Troll Shapeshifter)             Turns: 1164, Time: 00:07:40

HP:   -12/52 (54)   AC:  5    Str: 25    XL:     6   Next: 92%
MP:   5/5           EV: 13    Int:  6    God:    Xom [.*....]
Gold: 134           SH:  0    Dex:  9    Spells: 5/5 levels left

rFire   . .          .
                       - Unarmed
rCold   . . .        (no shield)
rNeg    . . .        a - +1 animal skin
rPois   .            (helmet currently unavailable)
rElec   .            (cloak currently unavailable)
rCorr   +            (gloves unavailable)
SInv    .            (boots unavailable)
Will    .....        (no amulet)
Stlth   +            i - +5 ring of evasion
HPRegen 1.08/turn    e - ring of resist corrosion
MPRegen 0.09/turn

%: no passive effects
@: mighty, beast-form, lightly drained
A: beast (slay +1), large, unfitting armour, claws 3, regeneration 1, shaggy fur
1, tough skin 1
a: Begin Untransformation, Renounce Religion


You were on level 4 of the Dungeon.
You worshipped Xom.
You were a plaything of Xom.
You were a hulking beast.
You visited 1 branch of the dungeon, and saw 4 of its levels.

You collected 134 gold pieces.

Inventory:

Armour
 a - a +1 animal skin (worn)
Jewellery
 e - a ring of resist corrosion (right claw)
 i - a +5 ring of evasion (left claw)
 l - the ring "Extimet" {Will+++ MP+9 Str-5 Int+6 Dex-4}
   (You found it on level 3 of the Dungeon)

   [ring of magical power]

   Str-5:     It affects your strength (-5).
   Int+6:     It affects your intelligence (+6).
   Dex-4:     It affects your dexterity (-4).
   Will+++:   It greatly increases your willpower.
   MP+9:      It affects your magic capacity (+9).
Talismans
 c - a beast talisman (active)
 d - a flux talisman
Scrolls
 g - a scroll of fear
Potions
 b - a potion of lignification
 f - a potion of might
 h - a potion of berserk rage
 j - 2 potions of attraction


   Skills:
 - Level 0.7 Fighting
 - Level 1.5 Dodging
 + Level 7.9 Unarmed Combat
 - Level 3.0 Shapeshifting


You had 5 spell levels left.
You didn't know any spells.
Your spell library contained the following spells:

 Spells                   Type           Power      Damage    Failure   Level
 Manifold Assault         Tloc           0%         N/A       99%         4
 Dispersal                Tloc           0%         N/A       100%        6
 Disjunction              Tloc           0%         N/A       100%        8


Dungeon Overview and Level Annotations

Branches:
Dungeon (4/15)
 Temple: D:4-7

Altars:
Dithmenos
Qazlal
Trog
Uskayaw
Xom


Innate Abilities, Weirdness & Mutations

You are a hulking beast.
Your limbs bulge with bestial killing power. (Slay +1)
You are too large for most types of armour.
You have claws for hands.
Your natural rate of healing is unusually fast.
You are covered in fur. (AC +1)
You have tough skin. (AC +1)


Message History

You kill the hobgoblin!
e - a ring of resist corrosion
e - a ring of resist corrosion (right claw)
You open the door.
There is an open door here.
You now have 127 gold pieces (gained 10).
You now have 134 gold pieces (gained 7).
Found a stone staircase leading down.
A wight comes into view.
It is wielding a +4 morningstar. 2 wights come into view.
A wight comes into view. It is wielding a +4 battleaxe.
The wight closely misses you.
The wight moves out of view.
You scratch the wight but do no damage.
The wight hits you with a +4 morningstar.
You scratch the wight.
The wight is lightly damaged. "Feel my power!"
The wight is outlined in light. x3; The wight barely misses you.
You scratch the wight.
The wight is heavily damaged.
The wight barely misses you. x2
You completely miss the wight.
The wight is heavily damaged.
The wight hits you with a +4 morningstar!
You feel drained. The wight closely misses you.
The wight hits you with a +4 battleaxe!
You claw the wight!
You destroy the wight!
The wight hits you with a +4 battleaxe!
* * * LOW HITPOINT WARNING * * *
A shower of butterflies erupts from you!
You feel drained.
* * * LOW HITPOINT WARNING * * *
The wight hits you from afar with a +0 spear!
* * * LOW HITPOINT WARNING * * *
Okay, then.
You feel very mighty all of a sudden.
The wight hits you with a +4 battleaxe!!
You die...
Xom roars with laughter!

#...##...#####
.....##..#
#........
......#..# #.......
.._......# #......#
......#..# #......#
.....##..# #......#
#...##...# #...zz.#
##.##....# #..bzb.#
..+......# #..h...#
..#......# #b.b...#
.
#......#####.b....#
###+##............#
#............#
#............#
#............#
#............#
#............#


You could see 3 wights.

Vanquished Creatures
  Grinder (D:3)
  Sigmund (D:3)
  A wight (D:4)
  Natasha (D:2)
  2 adders (D:3)
  A dart slug (D:1)
  An orc (D:3)
  7 ball pythons
  A bat (D:1)
  3 endoplasms
  3 giant cockroaches
  4 goblins (D:1)
  4 hobgoblins
  2 quokkas (D:1)
  2 frilled lizards (D:1)
  4 kobolds
  6 rats
44 creatures vanquished.

Notes
Turn   | Place    | Note
-------+----------+-------------------------------------------
     0 | D:1      | Alarak the Troll Shapeshifter began the quest for the Orb.
     0 | D:1      | Reached XP level 1. HP: 18/18 MP: 0/0
    22 | D:1      | Reached XP level 2. HP: 24/26 MP: 1/1
   111 | D:1      | Found a faded altar of an unknown god.
   125 | D:1      | Reached skill level 4 in Unarmed Combat
   289 | D:1      | Reached XP level 3. HP: 29/32 MP: 2/2
   425 | D:1      | Prayed at the altar of an unknown god.
   425 | D:1      | Became a worshipper of Xom of Chaos
   526 | D:2      | Noticed Natasha
   531 | D:2      | Killed Natasha
   597 | D:2      | You fall into a shaft and drop 1 floor!
   604 | D:3      | XOM: silly message
   682 | D:3      | Found a bloodstained altar of Trog.
   689 | D:3      | Found a shadowy altar of Dithmenos.
   758 | D:3      | Reached skill level 5 in Unarmed Combat
   758 | D:3      | Reached XP level 4. HP: 28/40 MP: 3/3
   831 | D:3      | Found a hide-covered altar of Uskayaw.
   853 | D:3      | Noticed Sigmund
   853 | D:3      | XOM: enchant monster (bad)
   856 | D:3      | XOM: cast spell 'Alistair's Intoxication'
   862 | D:3      | Killed Sigmund
   863 | D:3      | Reached skill level 6 in Unarmed Combat
   863 | D:3      | Reached XP level 5. HP: 31/46 MP: 4/4
   871 | D:3      | Noticed Grinder
   871 | D:3      | XOM: 3-stop teleportation journey
   886 | D:3      | Killed Grinder
   887 | D:3      | Reached skill level 7 in Unarmed Combat
   887 | D:3      | Reached XP level 6. HP: 36/54 MP: 5/5
  1026 | D:3      | Identified the ring "Extimet" {Will+++ MP+9 Str-5 Int+6
                  | Dex-4}
  1100 | D:4      | Found a stormy altar of Qazlal.
  1160 | D:4      | XOM: fake destruction
  1163 | D:4      | XOM: butterfly on damage
  1164 | D:4      | Mangled by a wight

Illustrated notes

Levels and vault maps discovered:
D:1:      onia_arrival_mini_spirals, layout_rooms,
          dreamdust_ecumenical_altar_grove
D:2:      layout_basic, nicolae_eternal_life, chequers_mini_garden, uniq_natasha
D:3:      layout_basic, mainiacjoe_overflow_big_doors,
          mainiacjoe_overflow_alcove_2, hex_intersection,
          mrwooster_statue_mirror, grunt_ministairs_10, uniq_grinder,
          uniq_sigmund
D:4:      layout_gridville, lemuel_round_altar, minmay_temple_entry_grid

Skill      XL: |  1  2  3  4  5 |
---------------+----------------+-----
Unarmed Combat | 4 5 6 7 |  7.9
Fighting       | |  0.7
Dodging        | |  1.5
Shapeshifting  | |  3.0

Action                     |  1- 3 |  4- 6 || total
---------------------------+-------+-------++-------
  Melee: Unarmed           |    61 |    28 ||    89
    Use: Scroll            |     5 |     3 ||     8
         Potion            |       |     2 ||     2
   Stab: Sleeping          |     1 |       ||     1
 Armour: Animal skin       |    32 |    16 ||    48
  Dodge: Dodged            |    30 |    10 ||    40

Table legend: (Time is in decaauts)
 A = Elapsed time spent in this place.
 B = Non-inter-level travel time spent in this place.
 C = Inter-level travel time spent in this place.
 D = Time resting spent in this place.
 E = Time spent auto-exploring this place.
 F = Levels seen in this place.
 G = Mean time per level.
                   A        B        C        D        E       F      G
               +--------+--------+--------+--------+--------+-----+--------+
         Total |   1160 |   1127 |     33 |      0 |    887 |   4 |  290.0 |
       Dungeon |   1160 |   1127 |     33 |      0 |    887 |   4 |  290.0 |
               +--------+--------+--------+--------+--------+-----+--------+

Top non-repeatable levels by time:
     D:3: 484 daAuts
     D:1: 432 daAuts
     D:2: 167 daAuts
     D:4: 76 daAuts
